[ AOE2 MATCH · #506423317 ]
UnrankedTeutons vs Turks
Player's team · WIN
Rival team · LOSS
[ REPLAY ANALYSIS · EXTRACTED FROM THE RECORDED GAME ]
Feudal
8:56
Castle
—
Imperial
—
| APM avg | 42.5 |
| APM peak | 80 |
| eAPM avg | 20.4 |
| Villagers / military | 44 / 0 |
Focus
⚔️ 31.1% · 🌾 68.9%
Feudal
10:42
Castle
—
Imperial
—
| APM avg | 35.7 |
| APM peak | 77 |
| eAPM avg | 15.6 |
| Villagers / military | 34 / 9 |
Focus
⚔️ 26.1% · 🌾 73.9%
Archer ×5 · Skirmisher ×4
Match map
Initial resources + every placement click. Lines = walls · curves = elevation contours. ◆ gold · ⬟ stone · ● berries · ✦ relic · ◌ wall gap
Your base· ✓ Closed at 12:00 · 0t walls · 2 gate(s)
duakito's base· ✓ Closed at 12:00 · 12t walls · 2 gate(s)
Smoothed initial terrain · ◌ = detected wall gap · hover for details
Inputs per minute
— TheHornyGuy - - duakito
Build order — TheHornyGuy
85 actions detected in the replay
| 0:00 | Queue | Villager (Male) |
| 0:01 | Queue | Villager (Male) |
| 0:01 | Queue | Villager (Male) |
| 0:02 | Build | House |
| 0:04 | Build | House |
| 0:38 | Queue | Villager (Male) |
| 1:24 | Queue | Villager (Male) |
| 1:48 | Queue | Villager (Male) |
| 2:07 | Build | Lumber Camp |
| 2:18 | Queue | Villager (Male) |
| 2:28 | Build | House |
| 2:36 | Queue | Villager (Male) |
| 2:59 | Queue | Villager (Male) |
| 3:24 | Queue | Villager (Male) |
| 3:50 | Queue | Villager (Male) |
| 4:23 | Build | Mill |
| 4:28 | Queue | Villager (Male) |
| 4:41 | Queue | Villager (Male) |
| 5:16 | Queue | Villager (Male) |
| 5:17 | Queue | Villager (Male) |
| 5:17 | Research | Loom |
| 6:36 | Build | Mining Camp |
| 6:46 | Research | Feudal Age |
| 7:45 | Queue | Villager (Male) |
| 7:45 | Queue | Villager (Male) |
| 7:53 | Build | House |
| 8:16 | Build | House |
| 8:33 | Queue | Villager (Male) |
| 8:56 | Age | Feudal Age |
| 9:01 | Build | Watch Tower |
| 9:21 | Queue | Villager (Male) |
| 9:28 | Build | Blacksmith |
| 10:00 | Queue | Villager (Male) |
| 10:17 | Research | Fletching |
| 10:24 | Build | Watch Tower |
| 10:43 | Queue | Villager (Male) |
| 10:43 | Queue | Villager (Male) |
| 11:15 | Build | Watch Tower |
| 11:16 | Queue | Villager (Male) |
| 12:01 | Build | Gate |
| 12:05 | Queue | Villager (Male) |
| 12:05 | Queue | Villager (Male) |
| 12:47 | Queue | Villager (Male) |
| 12:58 | Build | Watch Tower |
| 13:04 | Build | Stone Wall |
| 13:07 | Build | Stone Wall |
| 13:08 | Build | Stone Wall |
| 13:18 | Build | Mill |
| 13:26 | Build | House |
| 13:41 | Build | Stone Wall |
| 13:42 | Build | Stone Wall |
| 13:54 | Queue | Villager (Male) |
| 13:54 | Queue | Villager (Male) |
| 14:00 | Build | House |
| 14:40 | Build | Watch Tower |
| 14:54 | Queue | Villager (Male) |
| 14:54 | Queue | Villager (Male) |
| 14:54 | Queue | Villager (Male) |
| 15:27 | Queue | Villager (Male) |
| 15:59 | Queue | Villager (Male) |
| 15:59 | Queue | Villager (Male) |
| 16:00 | Queue | Villager (Male) |
| 16:00 | Queue | Villager (Male) |
| 16:22 | Queue | Villager (Male) |
| 16:22 | Queue | Villager (Male) |
| 16:37 | Queue | Villager (Male) |
| 16:48 | Build | House |
| 17:11 | Build | Watch Tower |
| 17:31 | Queue | Villager (Male) |
| 17:32 | Queue | Villager (Male) |
| 18:07 | Queue | Villager (Male) |
| 18:07 | Queue | Villager (Male) |
| 18:30 | Queue | Villager (Male) |
| 18:52 | Build | Farm |
| 18:52 | Build | Farm |
| 18:52 | Build | Farm |
| 18:53 | Build | Farm |
| 18:53 | Build | Farm |
| 18:53 | Build | Farm |
| 18:53 | Build | Farm |
| 18:54 | Build | Farm |
| 18:54 | Build | Farm |
| 18:54 | Build | Farm |
| 18:54 | Build | Farm |
| 18:55 | Build | Farm |
Build order — duakito
75 actions detected in the replay
| 0:01 | Queue | Villager (Male) |
| 0:01 | Queue | Villager (Male) |
| 0:01 | Queue | Villager (Male) |
| 0:02 | Queue | Villager (Male) |
| 0:02 | Queue | Villager (Male) |
| 0:03 | Build | House |
| 0:05 | Build | House |
| 1:34 | Queue | Villager (Male) |
| 1:46 | Build | Lumber Camp |
| 2:05 | Queue | Villager (Male) |
| 2:25 | Queue | Villager (Male) |
| 2:52 | Queue | Villager (Male) |
| 3:05 | Queue | Villager (Male) |
| 3:35 | Queue | Villager (Male) |
| 3:41 | Build | House |
| 3:42 | Build | House |
| 4:17 | Queue | Villager (Male) |
| 4:17 | Queue | Villager (Male) |
| 4:44 | Queue | Villager (Male) |
| 4:50 | Build | Mill |
| 5:12 | Queue | Villager (Male) |
| 5:27 | Queue | Villager (Male) |
| 5:44 | Queue | Villager (Male) |
| 6:16 | Queue | Villager (Male) |
| 6:34 | Queue | Villager (Male) |
| 6:56 | Queue | Villager (Male) |
| 6:56 | Queue | Villager (Male) |
| 7:24 | Build | Mining Camp |
| 7:27 | Build | Mill |
| 7:31 | Queue | Villager (Male) |
| 8:17 | Research | Feudal Age |
| 9:19 | Build | Barracks |
| 9:36 | Research | Loom |
| 9:44 | Build | Palisade Wall |
| 9:44 | Build | Palisade Wall |
| 9:46 | Build | Palisade Wall |
| 9:54 | Build | Palisade Wall |
| 10:16 | Build | House |
| 10:18 | Build | Palisade Wall |
| 10:42 | Age | Feudal Age |
| 10:49 | Build | Archery Range |
| 10:51 | Queue | Villager (Male) |
| 10:51 | Queue | Villager (Male) |
| 10:52 | Queue | Villager (Male) |
| 11:22 | Queue | Archer |
| 11:22 | Queue | Archer |
| 11:23 | Queue | Skirmisher |
| 11:28 | Build | Watch Tower |
| 12:16 | Build | Watch Tower |
| 12:18 | Queue | Villager (Male) |
| 12:19 | Queue | Villager (Male) |
| 12:30 | Build | Mining Camp |
| 12:47 | Queue | Villager (Male) |
| 12:57 | Queue | Skirmisher |
| 12:58 | Queue | Skirmisher |
| 13:01 | Build | House |
| 13:09 | Research | Town Watch |
| 13:23 | Queue | Villager (Male) |
| 13:36 | Queue | Skirmisher |
| 13:37 | Queue | Archer |
| 13:37 | Queue | Archer |
| 13:54 | Build | Watch Tower |
| 14:08 | Queue | Archer |
| 14:13 | Queue | Villager (Male) |
| 14:13 | Queue | Villager (Male) |
| 14:41 | Build | House |
| 14:54 | Build | House |
| 15:38 | Build | House |
| 16:07 | Build | Blacksmith |
| 16:08 | Queue | Villager (Male) |
| 16:09 | Queue | Villager (Male) |
| 16:23 | Build | Watch Tower |
| 16:31 | Queue | Villager (Male) |
| 19:07 | Build | House |
| 19:13 | Build | Palisade Wall |
Match timeline
| 8:56 | TheHornyGuy · age_up feudal |
| 9:19 | duakito · first_building Barracks |
| 9:44 | duakito · wall_segment Palisade Wall x1 |
| 9:44 | duakito · wall_segment Palisade Wall x1 |
| 9:46 | duakito · wall_segment Palisade Wall x1 |
| 9:54 | duakito · wall_segment Palisade Wall x4 |
| 10:18 | duakito · wall_segment Palisade Wall x5 |
| 10:42 | duakito · age_up feudal |
| 10:49 | duakito · first_building Archery Range |
| 13:04 | TheHornyGuy · wall_segment Stone Wall x1 |
| 13:07 | TheHornyGuy · wall_segment Stone Wall x1 |
| 13:08 | TheHornyGuy · wall_segment Stone Wall x1 |
| 13:41 | TheHornyGuy · wall_segment Stone Wall x1 |
| 13:42 | TheHornyGuy · wall_segment Stone Wall x1 |
| 19:13 | duakito · wall_segment Palisade Wall x1 |
| 19:33 | duakito · resign |
[ AI ANALYSIS · 1 CREDIT ]
What really happened in this match?
Wolo.gg analyzes every decision: build order, eco, micro, common mistakes by bracket. Personalized analysis on WhatsApp or Discord in 30 seconds.
Civ guide
Teutons
Perfil
Jugador #22614145